 Dungeon Crawl Stone Soup version 0.22.1-1-ga44c0e56f4 (webtiles) character file.

55 Gargoyl the Skirmisher (level 3, -1/33 HPs)
             Began as a Centaur Abyssal Knight on Nov 9, 2018.
             Was a Follower of Lugonu.
             Slain by Sigmund
             ... wielding a +0 scythe
              (6 damage)
             ... on level 2 of the Dungeon.
             The game lasted 00:02:33 (1915 turns).

Gargoyl the Skirmisher (Centaur Abyssal Knight)     Turns: 1915, Time: 00:02:34

Health: -1/33      AC:  4    Str: 12    XL:     3   Next: 67%
Magic:  5/5        EV:  8    Int: 11    God:    Lugonu [*.....]
Gold:   121        SH:  0    Dex:  9    Spells: 2/2 levels left

rFire    . . .     SeeInvis .   j - +4 whip (vamp)
rCold    . . .     Gourm    .   d - +0 buckler
rNeg     . . .     Faith    .   b - +0 leather armour
rPois    .         Spirit   .   (no helmet)
rElec    .         Reflect  .   (no cloak)
rCorr    .         Harm     .   (no gloves)
MR       .....                  (no barding)
Stlth    ..........             (no amulet)
HPRegen  0.11/turn              (no ring)
MPRegen  0.09/turn              (no ring)

@: confused, berserk cooldown, slowed
A: large, hooves 3, deformed body, speed 2, tough skin 3, weak 1, evolution 1,
MP-powered wands
a: Depart the Abyss, Renounce Religion


You were on level 2 of the Dungeon.
You worshipped Lugonu.
Lugonu was aware of your devotion.
You were not hungry.

You visited 1 branch of the dungeon, and saw 2 of its levels.
You visited the Abyss 1 time.

You collected 121 gold pieces.

Inventory:

Hand Weapons
 a - a +1 hand axe
 j - a +4 vampiric whip (weapon)
Armour
 b - a +0 leather armour (worn)
 d - a +0 buckler (worn)
Scrolls
 e - a scroll of identify
 h - 2 scrolls of remove curse
 i - a scroll of fog {unknown}
Potions
 f - a potion of resistance {unknown}
Comestibles
 c - 4 rations


   Skills:
 + Level 3.8 Fighting
 + Level 2.0 Axes
 * Level 1.7 Armour
 + Level 0.8 Dodging
 * Level 2.7 Invocations


You had 2 spell levels left.
You didn't know any spells.
Your spell library was empty.

Dungeon Overview and Level Annotations

Branches:
Dungeon (2/15)

Altars:
Gozag

Annotations:
D:2 Sigmund


Innate Abilities, Weirdness & Mutations

You have hooves in place of feet.
Armour fits poorly on your strangely shaped body.
You cover ground very quickly.
You have extremely tough skin. (AC +3)
You are weak. (Str -2)
You evolve.
You expend magic power (3 MP) to strengthen your wands.


Message History

* * * LOW HITPOINT WARNING * * *
You bump into the rock wall.
You feel a strong urge to attack something.
You miss Sigmund.
Sigmund is heavily wounded.
Sigmund hits you with a scythe.
* * * LOW HITPOINT WARNING * * *
You bump into the rock wall.
You closely miss Sigmund.
Sigmund is heavily wounded.
You bump into the rock wall.
Sigmund closely misses you.
You bump into the rock wall.
You feel a strong urge to attack something.
You are no longer berserk.
You are exhausted.
You feel yourself slow down.
You whack Sigmund!
Sigmund is severely wounded.
Sigmund hits you with a scythe.
You die...

#.##.## ##.......##
##... #.####
##.....## ##.# #<#
#.. #.# ### #.# # #.#
# # # #.# .#.### #
#># ####......
####.#######.@@.....#
#........##...#....##
#.##.###.#...........
#.##...........##.###
#.######.#.....##.#
#.# #.##...###.#
#.######.###### #.#
#........# #.# ###
########## #.# #..


You could see Sigmund.

Vanquished Creatures
  2 adders (D:2)
  3 dart slugs (D:1)
  3 bats
  A giant cockroach (D:2)
  5 goblins
  3 hobgoblins (D:1)
  A ball python (D:1)
  3 frilled lizards
  5 kobolds
  8 rats
34 creatures vanquished.

Notes
Turn   | Place    | Note
-------+----------+-------------------------------------------
     0 | Abyss:1  | Gargoyl the Centaur Abyssal Knight began the quest for the
                  | Orb.
     0 | Abyss:1  | Reached XP level 1. HP: 19/19 MP: 2/2
    17 | Abyss:1  | Noticed an ancient zyme
    90 | Abyss:2  | Noticed a starcursed mass
    95 | Abyss:2  | Noticed a raiju
   106 | D:1      | Escaped the Abyss
   730 | D:1      | Reached XP level 2. HP: 21/26 MP: 3/3
   892 | D:1      | Reached * piety under Lugonu
  1208 | D:1      | Reached XP level 3. HP: 28/31 MP: 4/4
  1304 | D:2      | Gained mutation: You evolve. [potion of mutation]
  1304 | D:2      | Gained mutation: You are weak. (Str -2) [potion of
                  | mutation]
  1304 | D:2      | Gained mutation: You expend magic power (3 MP) to
                  | strengthen your wands. [potion of mutation]
  1767 | D:2      | Found an opulent altar of Gozag.
  1884 | D:2      | Noticed Sigmund
  1915 | D:2      | Slain by Sigmund

Skill      XL: |  1  2 |
---------------+-------+-----
Axes           | 2 |  2.0
Fighting       | |  3.8
Armour         | |  1.7
Dodging        | |  0.8
Invocations    | |  2.7

Action                   || total
-------------------------++-------
Melee: Hand axe          ||    30
       Kick              ||    13
       Whip              ||    55
Invok: Depart the Abyss  ||     1
  Use: Scroll            ||     9
       Potion            ||     2
 Stab: Distracted        ||     1
  Eat: Ration            ||     2
Armor: Leather armour    ||    22
Dodge: Dodged            ||    23
Block: Buckler           ||     6
